 Dungeon Crawl Stone Soup version 0.28-a0-998-gb9e9c7b67e (webtiles) character file.

Game seed: 12431007353579397

3901 ytrimaz the Basher (level 10, -5/77 HPs)
             Began as a Formicid Fighter on Dec 5, 2021.
             Was a Believer of Ru.
             Slain by a troll (13 damage)
             ... on level 9 of the Dungeon.
             The game lasted 00:10:34 (8562 turns).

ytrimaz the Basher (Formicid Fighter)               Turns: 8562, Time: 00:10:35

Health: -5/77      AC:  9    Str: 31      XL:     10   Next: 43%
Magic:  10/10      EV: 10    Int:  8      God:    Ru [**....]
Gold:   331        SH:  5    Dex: 15 (16) Spells: 9/9 levels left

rFire   . . .      SeeInvis +   o - +2 morningstar (drain)
rCold   . . .      Faith    .   c - +0 buckler
rNeg    . . .      Spirit   .   b - +0 scale mail
rPois   .          Reflect  .   (helmet unavailable)
rElec   .          Harm     .   q - +0 cloak
rCorr   .          Rampage  .   (no gloves)
Will    +....                   (no boots)
Stlth   ..........              y - amulet of regeneration
HPRegen 1.02/turn               k - +6 ring of dexterity
MPRegen 0.12/turn               x - +6 ring of strength

@: no status effects
A: permanent stasis, dig shafts and tunnels, antennae 3, inability to use
devices, four strong arms
a: Dig, Shaft Self, Renounce Religion


You were on level 9 of the Dungeon.
You worshipped Ru.
Ru was pleased with you.
You visited 2 branches of the dungeon, and saw 10 of its levels.
You also visited: Ossuary.

You collected 331 gold pieces.

Inventory:

Hand Weapons
 o - a +2 morningstar of draining (weapon)
 B - a +2 eveningstar of protection
Armour
 b - a +0 scale mail (worn)
 c - a +0 buckler (worn)
 q - a +0 cloak (worn)
Jewellery
 f - a ring of ice
 k - a +6 ring of dexterity (left hand)
 l - a ring of protection from fire
 m - an amulet of faith
 t - an amulet of the acrobat
 x - a +6 ring of strength (right hand)
 y - an amulet of regeneration (around neck)
Scrolls
 a - a scroll of amnesia
 e - 2 scrolls of holy word
 j - 2 scrolls of enchant weapon
 p - a scroll of enchant armour
 u - 2 scrolls of magic mapping
 v - a scroll of fear
Potions
 d - 7 potions of curing
 g - 2 potions of magic
 h - 2 potions of invisibility
 i - a potion of mutation {unknown}
 n - a potion of ambrosia {unknown}
 r - 4 potions of flight
 s - 2 potions of brilliance
 w - 3 potions of might
 z - a potion of cancellation {unknown}
 A - a potion of lignification {unknown}


   Skills:
 + Level 6.6 Fighting
 - Level 3.4(7.9) Axes
 * Level 11.1(11.3) Maces & Flails
 + Level 7.5 Armour
 - Level 5.0 Shields


You had 9 spell levels left.
You didn't know any spells.
Your spell library contained the following spells:

 Spells                   Type           Power      Damage    Failure   Level
 Animate Dead             Necr           0%         N/A       100%        4
 Borgnjor's Vile Clutch   Necr/Erth      0%         N/A       100%        5
 Death Channel            Necr           0%         N/A       100%        6


Dungeon Overview and Level Annotations

Branches:
Dungeon (9/15)             Temple (1/1) D:6            Lair (0/6) D:8
Ossuary (visited)
    Orc: D:9-12

Altars:
Ashenzari
Cheibriados
Dithmenos
Elyvilon
Fedhas
Gozag
Hepliaklqana
Kikubaaqudgha
Nemelex Xobeh
Qazlal
Ru
Sif Muna
Trog
Uskayaw
Vehumet
Wu Jian
Yredelemnul
The Shining One

Annotations:
D:4 2 transporters, a11behringer's ghost, amateur GrBe
D:6 2 runed translucent doors


Innate Abilities, Weirdness & Mutations

You cannot be hasted, slowed, berserked, paralysed or teleported.
You can dig through walls and to a lower floor.
You have a pair of large antennae on your head. (SInv)
You cannot study or use magical devices.
Your four strong arms can wield two-handed weapons with a shield.


Message History

The quasit claws you but does no damage.
You block the quasit's attack. You block the troll's attack.
The troll claws you but does no damage. The troll barely misses you.
Unknown command.
You hit the kobold demonologist but do no damage.
You drain the kobold demonologist.
The kobold demonologist is heavily wounded.
The quasit bites you but does no damage.
The quasit barely misses you.
The quasit claws you but does no damage.
You block the kobold demonologist's attack.
The orange demon stings you but does no damage.
The crimson imp closely misses you. The troll bites you! The troll claws you!
The troll claws you but does no damage.
The quasit bites you but does no damage.
The quasit claws you. x2
You feel clumsy.
You sock the kobold demonologist!
The kobold demonologist is severely wounded.
The orange demon stings you but does no damage.
The crimson imp barely misses you.
The kobold demonologist gestures wildly while chanting.
The quasit closely misses you.
The quasit claws you but does no damage.
The quasit barely misses you. The troll bites you but does no damage.
You block the troll's attack. The troll claws you but does no damage.
You miss the kobold demonologist.
The kobold demonologist is severely wounded.
The sixfirhy closely misses you. The sixfirhy hits you.
The sixfirhy shocks you! The orange demon stings you from afar.
* * * LOW HITPOINT WARNING * * *
The kobold demonologist closely misses you.
The crimson imp hits you but does no damage.
The quasit barely misses you. You block the quasit's attack. x2
The sixfirhy hits you.
* * * LOW HITPOINT WARNING * * *
The sixfirhy shocks you!
* * * LOW HITPOINT WARNING * * *
The troll bites you!
You die...

### ... ...............
..![#.. ###.............
....#.. #.........#...
.....####.........##..
##...#................
#..#.....#..##.....[..
..#........##...........
.......T...##......#....
.......@5..##........##.
......5K3..............#
.....4...#.............#
......#..###........#.##
......#... #......#####
....##..#####....###
.... ...# ###......# ...
....# #....##..##
#..####...#


You could see an orange demon (summoned), a kobold demonologist (drained), a
troll (drained), a sixfirhy (summoned), a quasit (summoned) and a crimson imp
(summoned).

Vanquished Creatures
  A kobold demonologist (D:9)
  An unseen horror (D:8)
  Sigmund (D:3)
  A human (D:6)
  A steam dragon (D:7)
  A sky beast (D:7)
  2 hornet zombies (Ossuary)
  2 black bears
  2 ogres
  A phantom (D:6)
  A centaur (D:8)
  2 kobold brigands (D:7)
  3 bullfrogs
  A wyvern zombie (Ossuary)
  2 gnoll sergeants
  2 water moccasin zombies
  A scorpion (D:6)
  7 wights
  A howler monkey (D:5)
  4 bullfrog zombies (Ossuary)
  2 centaur zombies (Ossuary)
  3 hounds
  2 orc priests
  A jelly (D:8)
  2 centaur skeletons
  Terence (D:3)
  2 iguanas
  3 orc wizards
  A scorpion zombie (D:3)
  A killer bee zombie (Ossuary)
  16 mummies (Ossuary)
  10 gnolls
  3 adders
  An ufetubus (D:4)
  2 worms
  3 dart slugs
  16 orcs
  4 endoplasms
  5 giant cockroaches
  5 goblins
  6 hobgoblins
  12 jackals
  5 quokkas
  4 ball pythons
  4 bats
  4 frilled lizards
  A goblin zombie (D:6)
  A jackal zombie (D:6)
  15 kobolds
  A kobold skeleton (D:6)
  7 rats
180 creatures vanquished.

Vanquished Creatures (others)
  9 plants (D:2)
  12 withered plants (Ossuary)
21 creatures vanquished.

Grand Total: 201 creatures vanquished

Notes
Turn   | Place    | Note
-------+----------+-------------------------------------------
     0 | D:1      | ytrimaz the Formicid Fighter began the quest for the Orb.
     0 | D:1      | Reached XP level 1. HP: 18/18 MP: 1/1
    83 | D:1      | Found a faded altar of an unknown god.
   101 | D:1      | Reached XP level 2. HP: 17/24 MP: 2/2
   337 | D:1      | Reached XP level 3. HP: 26/29 MP: 3/3
  1365 | D:2      | Reached XP level 4. HP: 31/37 MP: 4/4
  1836 | D:3      | Noticed Terence
  1844 | D:3      | Killed Terence
  1949 | D:3      | Reached XP level 5. HP: 41/42 MP: 5/5
  2051 | D:3      | Noticed Sigmund
  2061 | D:3      | Killed Sigmund
  2062 | D:3      | Reached skill level 2 in Maces & Flails
  2062 | D:3      | Reached XP level 6. HP: 42/49 MP: 6/6
  2904 | D:4      | Noticed a black bear
  2913 | D:4      | Killed a black bear
  2914 | D:4      | Reached skill level 3 in Maces & Flails
  2914 | D:4      | Reached XP level 7. HP: 31/55 MP: 7/7
  3114 | D:4      | Noticed a11behringer's ghost (amateur GrBe)
  3123 | D:4      | Found a sand-covered staircase.
  3144 | Ossuary  | Entered an ossuary
  3181 | Ossuary  | Reached skill level 4 in Maces & Flails
  3211 | Ossuary  | Reached skill level 5 in Armour
  3217 | Ossuary  | Reached skill level 5 in Maces & Flails
  3221 | Ossuary  | Reached XP level 8. HP: 28/61 MP: 8/8
  3481 | Ossuary  | Reached skill level 5 in Fighting
  3483 | Ossuary  | Reached skill level 6 in Maces & Flails
  4110 | Ossuary  | Reached skill level 7 in Maces & Flails
  4473 | D:4      | Found a transporter.
  4628 | D:4      | Found a transporter.
  4653 | D:4      | Reached skill level 5 in Shields
  4653 | D:4      | Reached XP level 9. HP: 60/68 MP: 9/9
  5093 | D:5      | Entered Level 5 of the Dungeon
  5135 | D:5      | Found a blossoming altar of Fedhas.
  5222 | D:5      | Reached skill level 8 in Maces & Flails
  5574 | D:5      | Found a sparkling altar of Nemelex Xobeh.
  5885 | D:6      | Found an ancient bone altar of Kikubaaqudgha.
  6055 | D:6      | Found a runed translucent door.
  6058 | D:6      | Found a runed translucent door.
  6097 | D:6      | Found a staircase to the Ecumenical Temple.
  6246 | Temple   | Entered the Ecumenical Temple
  6431 | Temple   | Became a worshipper of Ru the Awakened
  6502 | D:6      | Found a runed translucent door.
  6509 | D:6      | Found a basalt altar of Yredelemnul.
  6518 | D:6      | Reached skill level 9 in Maces & Flails
  6698 | D:6      | You fall into a shaft and drop 2 floors!
  7381 | D:7      | Reached XP level 10. HP: 62/76 MP: 10/10
  7404 | D:7      | Found a broken altar of Ashenzari.
  7456 | D:7      | Reached skill level 10 in Maces & Flails
  7614 | D:7      | Found a stormy altar of Qazlal.
  7811 | D:7      | Identified a scroll of acquirement
  7811 | D:7      | Acquired a +2 eveningstar of protection
  8102 | D:8      | Gained mutation: You cannot study or use magical devices.
                  | [Ru sacrifice]
  8102 | D:8      | Reached * piety under Ru
  8102 | D:8      | Reached ** piety under Ru
  8169 | D:8      | Noticed an unseen horror
  8180 | D:8      | Killed an unseen horror
  8251 | D:8      | Found a staircase to the Lair.
  8438 | D:9      | Noticed a kobold demonologist
  8451 | D:9      | Killed a kobold demonologist
  8452 | D:9      | Reached skill level 11 in Maces & Flails
  8552 | D:9      | Noticed a kobold demonologist
  8559 | D:9      | Noticed an orange demon
  8562 | D:9      | Noticed a sixfirhy
  8562 | D:9      | Slain by a troll

Illustrated notes

Levels and vault maps discovered:
D:1:      dpeg_arrival_lava_temple_mockup, layout_basic,
          ebering_ecumenical_altar_rust, corexii_leaking_fountain,
          minmay_heptomino_h4
D:2:      layout_loops_cross, serial_aquarium, aquarium_bridge_long_joined
          [aquarium_subvault_window, aquarium_subvault_window,
          aquarium_subvault_wall, aquarium_subvault_balcony,
          aquarium_subvault_bridge, aquarium_subvault_window],
          aquarium_window_1, aquarium_window_1, aquarium_window_fake,
          aquarium_view_2e, serial_bayou_lagoon_a,
          nicolae_concentric_dashed_squares_mild
D:3:      layout_basic, uniq_sigmund, uniq_terence
D:4:      layout_basic, gammafunk_ghost_stat_death, enter_ossuary_1
D:5:      layout_rooms, kennysheep_little_box, fedhas_altar_2
D:6:      lemuel_insect_pit, layout_basic, mainiacjoe_overflow_paths,
          dk_yredelemnul_ordeal, minmay_temple_entry_enclosed_plants
D:7:      layout_loops_ring, mainiacjoe_overflow_surrounded_room,
          mainiacjoe_overflow_concentric_impassable
D:8:      layout_basic, lair_entry_dummy, corexii_checkpoint_a
D:9:      layout_cave_pools, grunt_temple_overflow_champion_of_chaos,
          hiddenorc1_lemuel, uniq_joseph, uniq_erolcha
Temple:   minmay_temple_bridge_abc

Skill      XL: |  1  2  3  4  5  6  7  8  9 10 |
---------------+-------------------------------+-----
Shields        | 4 5 |  5.0
Armour         | 4 5 7 |  7.5
Axes           | 3 |  3.4
Fighting       | 4 5 6 |  6.6
Maces & Flails | 2 3 5 7 9 11 | 11.1

Action                   |  1- 3 |  4- 6 |  7- 9 | 10-12 || total
-------------------------+-------+-------+-------+-------++-------
Melee: War axe           |    91 |    24 |       |       ||   115
       Morningstar       |       |    57 |   323 |    41 ||   421
       Eveningstar       |       |       |       |    18 ||    18
Invok: Sacrifice Artific |       |       |       |     1 ||     1
 Abil: Dig               |     1 |       |       |       ||     1
  Use: Scroll            |     2 |     4 |     8 |     3 ||    17
       Potion            |       |       |     6 |       ||     6
 Stab: Invisible         |       |       |       |     1 ||     1
Armor: Scale mail        |    57 |    43 |   125 |    42 ||   267
Dodge: Dodged            |    40 |    40 |   152 |    57 ||   289
Block: Buckler           |    18 |    32 |    95 |    27 ||   172

Table legend: (Time is in decaauts)
 A = Elapsed time spent in this place.
 B = Non-inter-level travel time spent in this place.
 C = Inter-level travel time spent in this place.
 D = Time resting spent in this place.
 E = Time spent auto-exploring this place.
 F = Levels seen in this place.
 G = Mean time per level.
                   A        B        C        D        E       F      G
               +--------+--------+--------+--------+--------+-----+--------+
         Total |   8691 |   8361 |    330 |   1072 |   5630 |  11 |  790.1 |
       Dungeon |   7145 |   6835 |    310 |    288 |   5162 |   9 |  793.9 |
        Temple |    206 |    186 |     20 |      0 |    166 |   1 |  206.0 |
       Ossuary |   1338 |   1338 |      0 |    784 |    302 |   1 | 1338.0 |
               +--------+--------+--------+--------+--------+-----+--------+

Top non-repeatable levels by time:
 Ossuary: 1338 daAuts
     D:2: 1141 daAuts
     D:4: 1080 daAuts
     D:7: 1020 daAuts
     D:3: 968 daAuts
     D:6: 956 daAuts
     D:1: 687 daAuts
     D:5: 673 daAuts
     D:8: 493 daAuts
  Temple: 206 daAuts
     D:9: 123 daAuts
